 Dungeon Crawl Stone Soup version 0.30-a0-371-gad7725a93e (webtiles) character file.

Game seed: 14378877335511490837

9184 Querens the Covert (level 11, -1/47 HPs)
             Began as a Spriggan Enchanter on Nov 21, 2022.
             Was a Believer of Wu Jian.
             Killed from afar by a kobold demonologist (14 damage)
             ... with an iceblast
             ... on level 10 of the Dungeon.
             The game lasted 00:31:38 (5716 turns).

Querens the Covert (Spriggan Enchanter)             Turns: 5716, Time: 00:31:38

Health: -1/47      AC:  5    Str:  4    XL:     11   Next: 19%
Magic:  22/26      EV: 16    Int: 20    God:    Wu Jian [**....]
Gold:   633        SH:  7    Dex: 17    Spells: 5/30 levels left

rFire   + . .      SeeInvis +    u - +1 dagger (venom)
rCold   + . .      Faith    .    D - +2 buckler
rNeg    . . .      Spirit   .    P - +0 steam dragon scales
rPois   .          Reflect  .    (helmet restricted)
rElec   .          Harm     .    M - scarf {rC+ rF+}
rCorr   .          Rampage  .    (gloves unavailable)
Will    ++...                    (boots unavailable)
Stlth   ++++++....               (no amulet)
HPRegen 0.27/turn                g - ring of willpower
MPRegen 0.20/turn                (no ring)

@: about to teleport, very quick
A: very small, no large weapons, unfitting armour, see invisible, speed 3
a: Renounce Religion, Wall Jump


You were on level 10 of the Dungeon.
You worshipped Wu Jian.
Wu Jian was pleased with you.
You visited 1 branch of the dungeon, and saw 10 of its levels.

You collected 675 gold pieces.
You spent 42 gold pieces at shops.

Inventory:

Hand Weapons
 u - a +1 dagger of venom (weapon)
Missiles
 h - 4 curare-tipped darts (quivered)
 w - a throwing net
Armour
 D - a +2 buckler (worn)
 M - a scarf of resistance (worn)
 P - +0 steam dragon scales (worn)
Jewellery
 g - a ring of willpower (left hand)
 r - a ring of fire
 v - the ring of the Skies Above {Ice *Corrode Str+5}
   (You found it on level 5 of the Dungeon)

   [ring of ice]

   It enhances your ice magic.
   Str:       It affects your strength (+5).
   rF:        It makes you vulnerable to fire.
   rC:        It protects you from cold.
   *Corrode:  It may corrode you when you take damage.
 H - a ring of wizardry
Wands
 y - a wand of paralysis (13)
 E - a wand of iceblast (9)
 I - a wand of light (4)
 J - a wand of digging (8)
Scrolls
 a - 2 scrolls of enchant weapon {unknown}
 b - a scroll of torment {unknown}
 e - 3 scrolls of blinking
 f - 3 scrolls of enchant armour
 i - 2 scrolls of magic mapping {unknown}
 k - 2 scrolls of identify
 l - 2 scrolls of teleportation
 p - a scroll of vulnerability {unknown}
 q - 2 scrolls of butterflies {unknown}
 t - a scroll of poison {unknown}
 x - a scroll of noise {unknown}
 A - 2 scrolls of immolation {unknown}
 B - a scroll of silence {unknown}
 F - a scroll of acquirement {unknown}
Potions
 c - a potion of invisibility
 d - a potion of flight {unknown}
 j - 10 potions of curing
 m - 2 potions of cancellation {unknown}
 n - a potion of degeneration {unknown}
 o - 4 potions of attraction {unknown}
 s - 4 potions of lignification {unknown}
 z - 2 potions of magic {unknown}
 C - a potion of berserk rage {unknown}
 G - a potion of mutation {unknown}
 K - a potion of heal wounds {unknown}
 L - a potion of might {unknown}
 N - a potion of resistance {unknown}
Miscellaneous
 O - a lightning rod (4/4)


   Skills:
 + Level 9.0 Short Blades
 - Level 2.6 Dodging
 + Level 13.3 Stealth
 + Level 10.3 Spellcasting
 + Level 10.5 Hexes
 - Level 5.0 Ice Magic


You had 5 spell levels left.
You knew the following spells:

 Your Spells              Type           Power      Damage    Failure   Level
a - Ensorcelled Hibernat  Hex/Ice        82%        N/A       1%          2
b - Tukima's Dance        Hex            51%        N/A       1%          3
c - Confusing Touch       Hex            51%        N/A       1%          3
d - Cause Fear            Hex            25%        N/A       1%          4
e - Silence               Hex/Air        15%        N/A       43%         5
f - Discord               Hex            25%        N/A       100%        8

Your spell library contained the following spells:

 Spells                   Type           Power      Damage    Failure   Level
 Dazzling Flash           Conj/Hex       62%        N/A       4%          3
 Inner Flame              Hex/Fire       31%        N/A       4%          3
 Ozocubu's Armour         Ice            30%        N/A       5%          3
 Foxfire                  Conj/Fire      40%        2x1d6     14%         1
 Necrotise                Necr           40%        1d6       14%         1
 Vampiric Draining        Necr           10%        2d6       41%         3
 Passage of Golubria      Tloc           10%        N/A       82%         4
 Agony                    Necr           10%        N/A       99%         5
 Fireball                 Conj/Fire      5%         3d5       99%         5
 Starburst                Conj/Fire      5%         6d4       100%        6
 Ozocubu's Refrigeration  Ice            15%        4d10      100%        7
 Lehudib's Crystal Spear  Conj/Erth      5%         10d3      100%        8


Dungeon Overview and Level Annotations

Branches:
Dungeon (10/15)            Temple (0/1) D:7
   Lair: D:8-11         Orc: D:9-12

Altars:
Ashenzari
Cheibriados
Dithmenos
Elyvilon
Fedhas
Gozag
Hepliaklqana
Kikubaaqudgha
Makhleb
Nemelex Xobeh
Qazlal
Ru
Sif Muna
Trog
Uskayaw
Vehumet
Wu Jian
Xom
Yredelemnul
Zin
The Shining One

Shops:
D:2 !   D:8 (


Innate Abilities, Weirdness & Mutations

You are very small and have problems with some larger weapons.
You are too small for most types of armour.
You have supernaturally acute eyesight. (SInv)
You cover ground extremely quickly. (Speed+++)


Message History

The kobold demonologist resists with some effort.
The kobold demonologist looks encouraged for a moment.
Casting: Ensorcelled Hibernation (safe; 1% risk of failure)
Confirm with . or Enter, or press ? or * to list all spells.
Aiming: Ensorcelled Hibernation (safe; 1% risk of failure)
Press: ? - help, Shift-Dir - straight line, f/p - kobold demonologist
Aim: a kobold demonologist, wielding a +0 dagger, wearing a +0 robe and carrying a wand of iceblast (1) (chance to affect: 50%)
The kobold demonologist resists with some effort.
The kobold demonologist gestures wildly while chanting.
Casting: Ensorcelled Hibernation (safe; 1% risk of failure)
Confirm with . or Enter, or press ? or * to list all spells.
Aiming: Ensorcelled Hibernation (safe; 1% risk of failure)
Press: ? - help, Shift-Dir - straight line, f/p - kobold demonologist
Aim: a kobold demonologist, wielding a +0 dagger, wearing a +0 robe and carrying a wand of iceblast (1) (chance to affect: 50%)
The kobold demonologist looks drowsy...
You lunge at the kobold demonologist, but your attack speed is too slow for a blow to land.
The kobold demonologist shouts!
The kobold demonologist hits you with a +0 dagger.
The soul eater draws from the surrounding life force!
* * * LOW HITPOINT WARNING * * *
You spin and attack the kobold demonologist.
You completely miss the kobold demonologist.
The kobold demonologist mumbles some strange words.
You spin and attack the kobold demonologist.
You hit the kobold demonologist.
The kobold demonologist is poisoned.
The kobold demonologist is lightly wounded.
You spin to attack the crimson imp, but your attack speed is too slow for a blow to land.
Okay, then.
As you read the scroll labelled LUBBURCH BYCU, it crumbles to dust.
It is a scroll of identify.
f - 3 scrolls of enchant armour The crimson imp lashes its tail.
As you read the scroll of identify, it crumbles to dust.
l - 3 scrolls of teleportation You block the crimson imp's attack.
As you read the scroll of teleportation, it crumbles to dust.
You feel strangely unstable.
The crimson imp blinks!
The kobold demonologist zaps a wand.
The mass of ice explodes!
The iceblast engulfs you! You partially resist.
You die...

#+## #...####
#.@ยง>#
########K## ..
#.........###....
#................
#.......3.##....
#.........# ###
#..>......#
######.### #.#


You could see a kobold demonologist (very poisoned).

Vanquished Creatures
  Erolcha (D:10)
  Erica (D:10)
  2 two-headed ogres
  Maggie (D:9)
  A hornet (D:9)
  Grinder (D:4)
  A wraith (D:9)
  23 yaks
  A shadow (D:10)
  A wyvern (D:7)
  2 ice beasts
  An orc warrior (D:7)
  2 black bears (D:4)
  A sky beast (D:8)
  An ogre (D:6)
  A centaur (D:6)
  2 bullfrogs (D:7)
  2 scorpions
  A necrophage (D:5)
  5 wights (D:8)
  2 electric eels (D:9)
  4 howler monkeys
  A quasit (D:6)
  6 orc priests
  2 hounds (D:5)
  4 jellies
  Crazy Yiuf (D:7)
  A gnoll bouda (D:5)
  8 orc wizards
  5 iguanas
  9 adders
  6 gnolls (D:5)
  A shadow imp (D:6)
  5 white imps
  2 ufetubi
  2 worms
  A dart slug (D:3)
  24 orcs
  6 ball pythons
  2 bats
  6 endoplasms
  3 giant cockroaches (D:1)
  6 goblins
  4 hobgoblins
  9 jackals
  4 quokkas
  7 frilled lizards
  6 kobolds
  3 rats
191 creatures vanquished.

Vanquished Creatures (collateral kills)
  An orc (D:8)
1 creature vanquished.

Vanquished Creatures (others)
  A dancing weapon (D:8)
  4 demonic plants (D:6)
  2 fungi (D:2)
  3 plants
10 creatures vanquished.

Grand Total: 202 creatures vanquished

Notes
Turn   | Place    | Note
-------+----------+-------------------------------------------
     0 | D:1      | Querens the Spriggan Enchanter began the quest for the Orb.
     0 | D:1      | Reached XP level 1. HP: 9/9 MP: 5/5
   215 | D:1      | Reached XP level 2. HP: 12/13 MP: 6/6
   264 | D:1      | Learned a level 2 spell: Ensorcelled Hibernation
   673 | D:2      | Reached skill level 5 in Stealth
   673 | D:2      | Reached XP level 3. HP: 15/16 MP: 2/8
   958 | D:2      | Found a faded altar of an unknown god.
   969 | D:2      | Found Budyoc's Distillery.
   981 | D:2      | Bought a potion of curing for 42 gold pieces
  1296 | D:3      | Found a broken altar of Ashenzari.
  1312 | D:3      | Reached XP level 4. HP: 21/21 MP: 6/10
  1340 | D:3      | Found a hazy altar of Hepliaklqana.
  1340 | D:3      | Found a hide-covered altar of Uskayaw.
  1382 | D:3      | Reached skill level 1 in Ice Magic
  1413 | D:3      | Found a burning altar of Makhleb.
  1461 | D:3      | Reached XP level 5. HP: 21/24 MP: 3/11
  1622 | D:3      | Found a glowing silver altar of Zin.
  1797 | D:4      | Found a stormy altar of Qazlal.
  1953 | D:4      | Found a bloodstained altar of Trog.
  1953 | D:4      | Noticed a black bear
  1953 | D:4      | Noticed a black bear
  1961 | D:4      | Noticed Grinder
  1996 | D:4      | Killed a black bear
  1997 | D:4      | Reached skill level 6 in Stealth
  2001 | D:4      | Killed a black bear
  2002 | D:4      | Reached skill level 5 in Hexes
  2002 | D:4      | Reached XP level 6. HP: 22/28 MP: 5/13
  2006 | D:4      | Learned a level 3 spell: Tukima's Dance
  2010 | D:4      | Learned a level 3 spell: Confusing Touch
  2055 | D:4      | Killed Grinder
  2056 | D:4      | Reached XP level 7. HP: 26/32 MP: 4/15
  2157 | D:4      | Found a shadowy altar of Dithmenos.
  2206 | D:4      | HP: 1/32 [orc priest/divine providence (14)]
  2365 | D:4      | Reached skill level 5 in Spellcasting
  2370 | D:4      | Reached skill level 7 in Stealth
  2503 | D:4      | Found a sacrificial altar of Ru.
  2511 | D:5      | Entered Level 5 of the Dungeon
  2680 | D:5      | Found a snail-covered altar of Cheibriados.
  2682 | D:5      | Identified the ring of the Skies Above {Ice *Corrode Str+5}
  2687 | D:5      | Found an ornate altar of the Wu Jian Council.
  2687 | D:5      | Found a sparkling altar of Nemelex Xobeh.
  2720 | D:5      | Became a worshipper of the Wu Jian Council
  2875 | D:5      | Reached XP level 8. HP: 22/36 MP: 10/17
  2925 | D:5      | Found a blossoming altar of Fedhas.
  3028 | D:6      | Reached skill level 8 in Stealth
  3092 | D:6      | Found an opulent altar of Gozag.
  3287 | D:6      | Reached skill level 5 in Short Blades
  3334 | D:6      | Reached * piety under Wu Jian
  3427 | D:6      | Found a shimmering altar of Xom.
  3428 | D:6      | Found a shimmering altar of Xom.
  3428 | D:6      | Found a shimmering altar of Xom.
  3429 | D:6      | Found a shimmering altar of Xom.
  3440 | D:6      | Found a shimmering altar of Xom.
  3446 | D:6      | Found a shimmering altar of Xom.
  3503 | D:7      | Found a staircase to the Ecumenical Temple.
  3513 | D:7      | Reached skill level 9 in Stealth
  3741 | D:7      | Reached XP level 9. HP: 25/39 MP: 1/20
  3775 | D:7      | Found an ancient bone altar of Kikubaaqudgha.
  3797 | D:7      | Found a glowing golden altar of the Shining One.
  3799 | D:7      | Noticed an angel
  3806 | D:7      | Found a basalt altar of Yredelemnul.
  3808 | D:7      | Noticed a profane servitor
  3857 | D:7      | Found a white marble altar of Elyvilon.
  3986 | D:7      | Found a runed translucent door.
  3987 | D:7      | Noticed Crazy Yiuf
  3993 | D:7      | Killed Crazy Yiuf
  4248 | D:8      | Reached skill level 10 in Stealth
  4297 | D:8      | Reached ** piety under Wu Jian
  4425 | D:8      | Noticed a two-headed ogre
  4428 | D:8      | Killed a two-headed ogre
  4429 | D:8      | Reached skill level 11 in Stealth
  4429 | D:8      | Reached skill level 5 in Ice Magic
  4429 | D:8      | Reached XP level 10. HP: 44/44 MP: 15/23
  4625 | D:8      | Found Wofil's Weapon Boutique.
  4892 | D:9      | Found a shimmering blue altar of Sif Muna.
  5303 | D:9      | Found a radiant altar of Vehumet.
  5303 | D:9      | Noticed Maggie
  5306 | D:9      | Noticed a two-headed ogre
  5307 | D:9      | Killed Maggie
  5329 | D:9      | Killed a two-headed ogre
  5330 | D:9      | Reached skill level 12 in Stealth
  5443 | D:9      | Reached skill level 10 in Hexes
  5474 | D:9      | Reached skill level 10 in Spellcasting
  5522 | D:9      | Reached XP level 11. HP: 26/47 MP: 11/26
  5594 | D:9      | Learned a level 4 spell: Cause Fear
  5600 | D:9      | Learned a level 5 spell: Silence
  5609 | D:9      | Learned a level 8 spell: Discord
  5611 | D:10     | Entered Level 10 of the Dungeon
  5645 | D:10     | Reached skill level 13 in Stealth
  5654 | D:10     | Noticed Erolcha
  5656 | D:10     | Killed Erolcha
  5669 | D:10     | Noticed Erica
  5672 | D:10     | Killed Erica
  5705 | D:10     | Noticed a soul eater
  5716 | D:10     | Killed from afar by a kobold demonologist

Illustrated notes

Levels and vault maps discovered:
D:1:      spicycebolla_green_bress_n_ham_2, layout_basic,
          minmay_misc_feat_square, serial_bayou_crossing
D:2:      layout_loops_ring, dreamdust_ecumenical_altar_grove, serial_shops,
          nicolae_shop_advertising_works [nicolae_subvault_shop_adworks],
          moated_statue, kennysheep_generic_room_6
D:3:      layout_rooms, mainiacjoe_overflow_24_doors, lemuel_crystal_altar,
          nicolae_ashenzari_skybound, gammafunk_temple_overflow_wave
D:4:      layout_layer_cave, nicolae_dithmenos_through_a_glass_darkly,
          trog_ov_bears_minmay, kennysheep_mini, lemuel_doored_altar,
          uniq_grinder
D:5:      layout_rooms, nemelex_xobeh_ov_fountains_minmay,
          amcnicky_altar_gilded, lemuel_tele_altar, fedhas_ov_isle_minmay,
          minmay_misc_feat_nine_boxes
D:6:      layout_loops_ring, xom_redecorated, mainiacjoe_overflow_tiny_flanked,
          serial_demonic, serial_demonic_c, serial_demonic_a, serial_demonic_b,
          serial_demonic_e
D:7:      layout_gridville, grunt_temple_overflow_holy_war,
          mainiacjoe_overflow_alcove_1, lemuel_coloured_pillars_altar,
          minivault_19, st_stairs_13, uniq_crazy_yiuf_cottage
D:8:      layout_loops_ring, serial_shops, nicolae_shop_waterfront
D:9:      argonaut_augean_stables, layout_irregular_city,
          mainiacjoe_overflow_surrounded_room, vehumet_altar_wand_db,
          minivault_25_ag, uniq_maggie
D:10:     layout_roguey, erik_orc_4, chequers_serial_rivers_micro_a,
          grunt_potential, uniq_erolcha, uniq_amaemon, uniq_nergalle, uniq_erica

Skill      XL: |  1  2  3  4  5  6  7  8  9 10 11 |
---------------+----------------------------------+-----
Spellcasting   | 3 4 5 6 8 10 | 10.3
Hexes          | 4 5 6 7 8 10 | 10.5
Stealth        | 5 6 7 9 11 12 13 | 13.3
Short Blades   | 2 3 4 5 7 8 9 |  9.0
Ice Magic      | 1 2 3 4 5 |  5.0
Dodging        | |  2.6

Action                   |  1- 3 |  4- 6 |  7- 9 | 10-12 || total
-------------------------+-------+-------+-------+-------++-------
Melee: Dagger            |   127 |    84 |   215 |    83 ||   509
       Punch             |       |       |     3 |       ||     3
 Cast: Ensorcelled Hiber |     9 |    16 |    55 |    33 ||   113
       Confusing Touch   |       |     2 |    13 |     4 ||    19
       Tukima's Dance    |       |       |     7 |     2 ||     9
Invok: Lunge             |       |       |    14 |    10 ||    24
       Whirlwind         |       |       |     3 |     3 ||     6
Evoke: Wand              |       |       |       |     3 ||     3
  Use: Potion            |       |     2 |     1 |       ||     3
       Scroll            |       |       |     1 |     3 ||     4
 Stab: Sleeping          |    17 |    10 |    54 |    26 ||   107
       Distracted        |     1 |       |     1 |       ||     2
       Confused          |       |     1 |    14 |     5 ||    20
Armor: Robe              |    20 |     4 |     7 |     4 ||    35
Dodge: Dodged            |    91 |    42 |   101 |    19 ||   253
Block: Buckler           |       |       |    12 |    13 ||    25

Table legend: (Time is in decaauts)
 A = Elapsed time spent in this place.
 B = Non-inter-level travel time spent in this place.
 C = Inter-level travel time spent in this place.
 D = Time resting spent in this place.
 E = Time spent auto-exploring this place.
 F = Levels seen in this place.
 G = Mean time per level.
                   A        B        C        D        E       F      G
               +--------+--------+--------+--------+--------+-----+--------+
         Total |   3756 |   3611 |    145 |      1 |      0 |  10 |  375.6 |
       Dungeon |   3756 |   3611 |    145 |      1 |      0 |  10 |  375.6 |
               +--------+--------+--------+--------+--------+-----+--------+

Top non-repeatable levels by time:
     D:4: 501 daAuts
     D:9: 492 daAuts
     D:8: 463 daAuts
     D:7: 430 daAuts
     D:2: 423 daAuts
     D:1: 422 daAuts
     D:6: 332 daAuts
     D:5: 317 daAuts
     D:3: 303 daAuts
    D:10: 70 daAuts
